 Dungeon Crawl Stone Soup version 0.21-a0-91-ga5031da (webtiles) character file.

17877 grindst0ne the Grappler (level 12, 0/103 HPs)
             Began as a Ghoul Monk on June 29, 2017.
             Was a Priest of Makhleb.
             Slain by a wolf (3 damage)
             ... in an ice cave.
             The game lasted 00:48:32 (18745 turns).

grindst0ne the Grappler (Ghoul Monk)               Turns: 18745, Time: 00:48:33

Health: 0/103      AC: 17    Str: 17    XL:     12   Next: 52%
Magic:  0/16       EV: 12    Int:  5    God:    Makhleb [***...]
Gold:   624        SH:  4    Dex: 14    Spells: 11/11 levels left

rFire    + . .     SeeInvis .   t - +3 broad axe
rCold    + + .     Gourm    .   a - +0 buckler {rC+ rF+}
rNeg     + + +     Faith    .   b - +0 plate armour
rPois    ∞         Spirit   +   s - +0 helmet
rElec    .         Reflect  .   G - +0 cloak (curse)
rCorr    .         Harm     .   (no gloves)
MR       +....                  (no boots)
Stlth    ..........             q - amulet of guardian spirit
HPRegen  0.00/turn              k - ring of protection from magic
MPRegen  0.15/turn              H - +4 ring of evasion

@: rotting
A: rotting body, claws 1, carnivore 3, cold resistance 1, negative energy
resistance 3, inhibited regeneration, torment resistance, unbreathing
a: Minor Destruction, Lesser Servant of Makhleb, Renounce Religion


You were in an ice cave.
You worshipped Makhleb.
Makhleb was most pleased with you.
You were not hungry.

You visited 2 branches of the dungeon, and saw 12 of its levels.
You also visited: Ossuary and Ice Cave.

You collected 624 gold pieces.

Inventory:

Hand Weapons
 t - a +3 broad axe (weapon)
 F - the +9 dagger "Juanucud" {pierce, rPois MR+ Stlth+}
   (You found it on level 10 of the Dungeon)

   It inflicts extra damage upon your enemies.
   It protects you from poison.
   It affects your resistance to hostile enchantments.
   It makes you more stealthy.
Missiles
 d - 8 throwing nets
 x - a javelin (quivered)
Armour
 a - a +0 buckler of resistance (worn)
 b - a +0 plate armour (worn)
 s - a +0 helmet (worn)
 G - a cursed +0 cloak (worn)
Jewellery
 k - a ring of protection from magic (left claw)
 q - an amulet of guardian spirit (around neck)
 H - a +4 ring of evasion (right claw)
Wands
 y - a wand of confusion (0/48)
 C - a wand of iceblast (0/15)
 P - a wand of disintegration (0/24)
 S - a wand of random effects (0/48)
Scrolls
 c - 3 scrolls of fog
 h - 5 scrolls of remove curse {unknown}
 i - a scroll of magic mapping {unknown}
 l - a scroll of holy word {unknown}
 n - 10 scrolls of teleportation {unknown}
 o - 3 scrolls of fear
 p - a scroll of amnesia {unknown}
 w - a scroll of enchant armour {unknown}
 L - 5 scrolls of enchant weapon
 N - a scroll of noise {unknown}
 O - a scroll of silence {unknown}
 U - 3 scrolls of recharging {unknown}
 V - a scroll of brand weapon {unknown}
 W - a scroll of vulnerability {unknown}
 Y - 2 scrolls of random uselessness {unknown}
Potions
 e - a potion of curing
 f - 2 potions of brilliance
 g - a potion of flight
 r - 2 potions of degeneration
 u - a potion of cancellation
 v - 3 potions of resistance
 z - 2 potions of haste
 E - a potion of ambrosia
 K - a potion of magic
 M - a potion of invisibility
 R - 2 potions of might
Books
 j - a book of Battle

   Spells                             Type                      Level
   a - Infusion                       Charms                       1
   b - Shroud of Golubria             Charms/Translocation         2
   c - Song of Slaying                Charms                       2
   d - Spectral Weapon                Hexes/Charms                 3
   e - Regeneration                   Charms/Necromancy            3
Comestibles
 m - 5 chunks of flesh
 D - 11 royal jellies
 X - a meat ration


   Skills:
 - Level 8.4 Fighting
 * Level 9.5 Armour
 + Level 5.4 Dodging
 - Level 2.1 Stealth
 * Level 2.7 Shields
 + Level 12.7 Unarmed Combat
 - Level 7.0 Invocations
 - Level 6.0 Evocations


You had 11 spell levels left.
You didn't know any spells.

Dungeon Overview and Level Annotations

Branches:
Dungeon (11/15)            Temple (1/1) D:6            Lair (0/6) D:8
    Orc: D:9-12

Altars:
Ashenzari
Dithmenos
Fedhas
Hepliaklqana
Makhleb
Qazlal
Trog
Yredelemnul


Innate Abilities, Weirdness & Mutations

Your body is rotting away.
You thrive on raw meat.
You are immune to poison.
You have sharp fingernails.
You are carnivorous and can eat meat at any time.
Your flesh is cold resistant. (rC+)
You are immune to negative energy. (rN+++)
You do not regenerate when monsters are visible.
You are immune to unholy pain and torment.
You can survive without breathing.


Message History

The polar bear closely misses you.
The polar bear claws you but does no damage.
You closely miss the polar bear.
The polar bear is almost dead.
You block the polar bear's attack. The polar bear claws you.
* * * LOW HITPOINT WARNING * * *
The polar bear claws you but does no damage.
The polar bear bites you!
* * * LOW HITPOINT WARNING * * *
The polar bear barely misses you. x2; You block the wolf's attack.
The polar bear completely misses you.
The polar bear claws you but does no damage. x2
The wolf bites you.
* * * LOW HITPOINT WARNING * * *
A demon appears!
You block the wolf's attack. Something bites your smoke demon!!
Something claws your smoke demon. x2
The wolf closely misses you. Something bites your smoke demon!
Your smoke demon dies!
A demon appears!
The wolf bites you.
You die...

##...## #.##
##..#.# ####.#
#...### ##.##.#
#.#.######..#§.# #
##.##.##.§§≈.§#.#
.##.
#..#.##.§§.§##§##
..#.#
##.#.##§##.##.##
.....#
##4#.#§####### ..#.
##.#@.#§§###.##
#.†##..h###.§#....#
#..#(#h# ##......##
#...### #...###..##
##.## ##.## ##..##
### #######...#
#∩#.###.÷##
#....###..#
#......#..#


You could see a polar bear, a wolf and a friendly orange demon.

Vanquished Creatures
  4 two-headed ogres
  Sonja (D:10)
  A skeletal warrior (D:10)
  A deep elf mage (D:8)
  A gargoyle (D:10)
  2 trolls
  2 polar bears
  Prince Ribbit (D:6)
  A hippogriff (D:9)
  A wyvern (D:8)
  A wraith (D:10)
  4 yaks (IceCv)
  Menkaure (D:5)
  A water moccasin (D:10)
  Duvessa (D:6)
  4 sky beasts
  2 ice beasts (D:10)
  A black bear (D:9)
  A necrophage (D:4)
  A phantom (D:10)
  9 wolves
  3 ogres
  10 centaurs
  Blork the orc (D:6)
  3 big kobolds
  3 bullfrogs
  A wyvern zombie (D:10)
  A wyvern skeleton (D:7)
  A water moccasin zombie (D:5)
  5 gnoll sergeants (D:9)
  12 scorpions
  Dowan (D:6)
  5 killer bees (D:8)
  2 howler monkeys (D:5)
  4 electric eels
  3 crimson imps
  A wyvern simulacrum (D:10)
  2 jellies
  A gnoll shaman (D:9)
  3 bullfrog skeletons
  Crazy Yiuf (D:6)
  3 centaur zombies
  8 hounds
  2 human zombies (Ossuary)
  4 orc priests
  2 iguanas
  8 orc wizards
  6 worker ants
  A big kobold zombie (Ossuary)
  A hound skeleton (D:10)
  2 mummies (Ossuary)
  A killer bee simulacrum (D:10)
  27 gnolls
  14 adders
  4 scorpion zombies (Ossuary)
  2 shadow imps
  A worker ant simulacrum (D:10)
  2 oozes
  4 adder skeletons
  2 worms
  2 dart slugs (D:2)
  4 leopard geckos
  37 orcs
  10 bats
  5 giant cockroaches
  2 gnoll zombies (Ossuary)
  7 goblins
  8 hobgoblins
  8 jackals
  6 quokkas
  4 frilled lizards
  21 kobolds
  4 kobold zombies (Ossuary)
  3 orc zombies (Ossuary)
  A quokka zombie (D:8)
  3 rats
323 creatures vanquished.

Vanquished Creatures (collateral kills)
  3 two-headed ogres (D:10)
  The ghost of Kenran the Geomancer, a novice DEEE of Sif Muna (D:8)
  A water nymph (shapeshifter) (D:10)
  A queen bee (D:8)
  2 trolls (D:9)
  3 polar bears (IceCv)
  A queen bee (shapeshifter) (D:10)
  5 slime creatures (D:11)
  A hungry ghost (D:10)
  A sky beast (D:10)
  4 orc warriors
  5 centaurs
  5 wolves
  A bullfrog (D:9)
  2 gnoll sergeants (D:9)
  2 scorpions (D:9)
  9 killer bees (D:8)
  2 crimson imps (D:10)
  2 orc wizards
  6 orc priests
  2 gnoll shamans (D:9)
  5 hounds
  An iguana (D:8)
  A bullfrog simulacrum (D:10)
  2 adders
  10 gnolls (D:9)
  11 white imps (D:11)
  An adder skeleton (D:8)
  12 orcs
  A goblin (D:11)
  2 jackals (D:9)
105 creatures vanquished.

Vanquished Creatures (others)
  An unseen horror (D:10)
  A centaur (D:10)
  A centaur zombie (Ossuary)
  A mummy (Ossuary)
  A white imp (D:11)
5 creatures vanquished.

Grand Total: 433 creatures vanquished

Notes
Turn   | Place    | Note
-------+----------+-------------------------------------------
     0 | D:1      | grindst0ne the Ghoul Monk began the quest for the Orb.
     0 | D:1      | Reached XP level 1. HP: 19/19 MP: 0/0
   393 | D:1      | Reached XP level 2. HP: 25/26 MP: 1/1
  1130 | D:2      | Reached skill level 4 in Unarmed Combat
  1130 | D:2      | Reached XP level 3. HP: 25/32 MP: 2/2
  1286 | D:2      | Found a stormy altar of Qazlal.
  1667 | D:2      | Reached XP level 4. HP: 36/40 MP: 3/3
  2301 | D:3      | Reached XP level 5. HP: 31/47 MP: 4/4
  2467 | D:3      | Reached skill level 5 in Fighting
  2563 | D:3      | Reached skill level 5 in Unarmed Combat
  3212 | D:4      | Noticed a necrophage
  3225 | D:4      | Killed a necrophage
  3225 | D:4      | Reached XP level 6. HP: 39/57 MP: 5/5
  3879 | D:4      | Reached skill level 6 in Unarmed Combat
  4053 | D:4      | Reached XP level 7. HP: 64/64 MP: 6/6
  4581 | D:5      | Entered Level 5 of the Dungeon
  4786 | D:5      | Reached skill level 7 in Unarmed Combat
  4994 | D:5      | Noticed Menkaure
  5011 | D:5      | Killed Menkaure
  5011 | D:5      | Reached XP level 8. HP: 55/74 MP: 7/7
  5325 | D:5      | Reached skill level 8 in Unarmed Combat
  5833 | D:6      | Found a staircase to the Ecumenical Temple.
  5846 | Temple   | Entered the Ecumenical Temple
  5859 | Temple   | Became a worshipper of Makhleb the Destroyer
  5859 | Temple   | Reached * piety under Makhleb
  5859 | Temple   | Reached ** piety under Makhleb
  6003 | D:6      | Noticed Blork the orc
  6008 | D:6      | Noticed a two-headed ogre
  6018 | D:6      | Killed Blork the orc
  6018 | D:6      | Reached skill level 1 in Invocations
  6039 | D:6      | Killed a two-headed ogre
  6039 | D:6      | Reached XP level 9. HP: 72/72 MP: 8/11
  6130 | D:6      | Noticed Duvessa
  6130 | D:6      | Noticed Dowan
  6138 | D:6      | Killed Dowan
  6138 | D:6      | Reached skill level 9 in Unarmed Combat
  6140 | D:6      | Killed Duvessa
  6140 | D:6      | Reached skill level 5 in Invocations
  6641 | D:6      | Found a runed door.
  6647 | D:6      | Noticed Crazy Yiuf
  6656 | D:6      | Killed Crazy Yiuf
  6806 | D:6      | Noticed Prince Ribbit
  7115 | D:6      | Killed Prince Ribbit
  7432 | D:7      | Found a sand-covered staircase.
  7437 | Ossuary  | Entered an ossuary
  8186 | D:7      | Reached skill level 1 in Evocations
  8229 | D:7      | Reached XP level 10. HP: 82/89 MP: 14/14
  8233 | D:7      | Reached *** piety under Makhleb
  9031 | D:8      | Reached skill level 10 in Unarmed Combat
  9099 | D:8      | Reached skill level 5 in Armour
  9310 | D:8      | Noticed a deep elf mage
  9317 | D:8      | Noticed a smoke demon
  9615 | D:8      | Killed a deep elf mage
  9630 | D:8      | Found a staircase to the Lair.
 10729 | D:8      | Noticed a two-headed ogre
 10744 | D:8      | Killed a two-headed ogre
 11051 | D:8      | Noticed a two-headed ogre
 11064 | D:8      | Killed a two-headed ogre
 11064 | D:8      | Reached skill level 11 in Unarmed Combat
 11064 | D:8      | Reached skill level 5 in Evocations
 11064 | D:8      | Reached XP level 11. HP: 65/95 MP: 15/15
 11251 | D:8      | Noticed Kenran's ghost (novice DEEE)
 11282 | D:8      | Killed Kenran's ghost
 11731 | D:9      | Found a hazy altar of Hepliaklqana.
 13768 | D:9      | HP: 4/95 [gnoll sergeant/trident (6)]
 14845 | D:10     | Entered Level 10 of the Dungeon
 15184 | D:10     | Noticed a two-headed ogre
 15190 | D:10     | Noticed a skeletal warrior
 15192 | D:10     | Killed a two-headed ogre
 15192 | D:10     | Reached skill level 12 in Unarmed Combat
 15215 | D:10     | Killed a skeletal warrior
 15225 | D:10     | Noticed a swamp dragon
 15228 | D:10     | Killed an unseen horror
 15234 | D:10     | a swamp dragon changed into a water nymph
 15319 | D:10     | Noticed a two-headed ogre
 15324 | D:10     | HP: 2/95 [two-headed ogre/giant club (10)]
 15326 | D:10     | Killed a two-headed ogre
 15792 | D:10     | Reached **** piety under Makhleb
 15834 | D:10     | Reached XP level 12. HP: 45/102 MP: 10/16
 15882 | D:10     | Got a bloodstained dagger
 15883 | D:10     | Identified the +9 dagger "Juanucud" {pierce, rPois MR+ Stlth+} (You found it on level 10 of the Dungeon)
 16059 | D:10     | Noticed a two-headed ogre
 16079 | D:10     | Killed a two-headed ogre
 16385 | D:10     | Noticed a two-headed ogre
 16395 | D:10     | Killed a two-headed ogre
 16652 | D:10     | Found a basalt altar of Yredelemnul.
 17080 | D:10     | Noticed Sonja
 17646 | D:10     | Killed Sonja
 17646 | D:10     | Reached skill level 5 in Dodging
 17948 | D:11     | Found a frozen archway.
 17992 | D:11     | Reached skill level 1 in Shields
 18077 | IceCv    | Entered an ice cave
 18745 | IceCv    | Slain by a wolf

Vault maps used:
D:1:      lightli_arrival_maybe_door_vault, serial_forest,
          infiniplex_forest_straight_1, infiniplex_forest_zigzag_1,
          infiniplex_forest_clump_double, infiniplex_forest_3_way,
          infiniplex_forest_clump_curved, infiniplex_forest_lined_3_way,
          infiniplex_forest_zigzag_1, infiniplex_forest_clump_cross
D:2:      nicolae_qazlal_eye_of_the_storm
D:4:      first_bread
D:5:      uniq_menkaure
D:6:      minmay_temple_entry_butterflies, minivault_25, uniq_prince_ribbit1,
          uniq_blork_the_orc, uniq_duvessa, uniq_crazy_yiuf_cottage
D:7:      nicolae_ossuary_entry_ruins
D:8:      erik_lair_island, david_nohive_1
D:9:      old_standard_altar, serial_gnoll_camp, gnoll_camp_huts_basic,
          gnoll_camp_medium_01, gnoll_camp_medium_02, gnoll_camp_mini_sergeant,
          gnoll_camp_mini_basic, kennysheep_generic_room_9
D:10:     serial_ice, serial_ice_b, serial_ice_h, serial_ice_a, serial_ice_m,
          serial_ice_l, serial_ice_f, basic_altar, kennysheep_pointless_box,
          minmay_misc_feat_cross, minmay_pinched_square, uniq_sonja
D:11:     erik_orc_4, serial_ice, serial_ice_o, serial_ice_i, serial_ice_g,
          serial_ice_b, serial_ice_c, serial_ice_e, portal_ice_cave_entry_imps,
          serial_shops, shop, shop, minmay_parallelograms,
          nicolae_alphabet_shops, st_stairs_3, minmay_item_behind_shaft
Temple:   regret_index_temple_sigil_plot
Ossuary:  ossuary_minmay_scorpions
IceCv:    ice_cave_caverns_03

Skill      XL: |  1  2  3  4  5  6  7  8  9 10 11 12 |
---------------+-------------------------------------+-----
Fighting       | 4 5 6 7 8 |  8.4
Unarmed Combat | 4 5 6 7 8 9 11 12 | 12.7
Invocations    | 4 7 |  7.0
Armour         | 2 4 6 8 9 |  9.5
Evocations     | 1 5 6 |  6.0
Dodging        | 4 5 |  5.4
Shields        | 2 |  2.7
Stealth        | |  2.1

Action                   |  1- 3 |  4- 6 |  7- 9 | 10-12 || total
-------------------------+-------+-------+-------+-------++-------
Melee: Unarmed           |   103 |    78 |       |       ||   181
       Punch             |     1 |     4 |    10 |    25 ||    40
       Broad axe         |       |    82 |   368 |   736 ||  1186
       Dagger            |       |       |       |    60 ||    60
Throw: Javelin           |       |     7 |       |     4 ||    11
Invok: Lesser Servant of |       |       |       |    42 ||    42
Evoke: Wand              |       |     1 |    12 |    28 ||    41
  Use: Scroll            |       |     3 |     4 |     5 ||    12
       Potion            |       |       |     8 |    12 ||    20
 Stab: Sleeping          |     5 |       |       |       ||     5
       Confused          |       |     1 |     1 |     1 ||     3
       Paralysed         |       |       |     3 |     7 ||    10
       Distracted        |       |       |       |     1 ||     1
  Eat: Chunk             |     7 |     6 |    10 |    40 ||    63
       Meat ration       |       |       |     1 |     1 ||     2
       Royal jelly       |       |       |       |     1 ||     1
Armor: Robe              |    21 |       |       |       ||    21
       Chain mail        |     7 |    91 |   290 |   290 ||   678
       Leather armour    |     1 |       |       |       ||     1
       Plate armour      |       |       |       |   382 ||   382
       Skin              |       |       |       |     6 ||     6
Dodge: Dodged            |    83 |    60 |   207 |   896 ||  1246
Block: Buckler           |       |       |       |    66 ||    66
